 Dungeon Crawl Stone Soup version 0.17.2-1-ge4368a0 (webtiles) character file.

7426 Goblin1989 the Cleaver (level 10, -6/91 HPs)
             Began as a Demonspawn Gladiator on Aug 23, 2016.
             Was an Elder of Kikubaaqudgha.
             Engulfed by a cloud of flame (7 damage)
             ... on level 10 of the Dungeon.
             The game lasted 00:23:54 (7448 turns).

Goblin1989 the Cleaver (Demonspawn Gladiator)       Turns: 7448, Time: 00:23:54

Health: -6/91      AC: 16    Str: 18    XL:     10   Next: 93%
Magic:  10/10      EV: 12    Int: 10    God:    Kikubaaqudgha [****..]
Gold:   119        SH:  0    Dex: 14    Spells: 3 memorised, 1 level left

rFire  + + .     SeeInvis .     t - +0 battleaxe
rCold  + . .     Clarity  .     w - +0 pearl dragon armour
rNeg   + . .     SustAt   .     (shield currently unavailable)
rPois  +         Gourm    .     (helmet restricted)
rElec  +         Spirit   .     (no cloak)
rCorr  +         Warding  .     A - +0 pair of gloves
rMut   .         Stasis   .     (no boots)
MR     +....                    h - amulet of Vitality {Regen+ HP+15}
Stlth  ..........               z - ring of invisibility
                                l - ring of protection from magic

@: resistant, marked, somewhat resistant to hostile enchantments, extremely
unstealthy
A: antennae 1, thin metallic scales 2, demonic guardian 1, fire resistance 1
a: Receive Corpses, Renounce Religion, Evoke Invisibility


You were on level 10 of the Dungeon.
You worshipped Kikubaaqudgha.
Kikubaaqudgha was greatly pleased with you.
You were not hungry.

You visited 1 branch of the dungeon, and saw 10 of its levels.

You collected 452 gold pieces.
You spent 333 gold pieces at shops.

Inventory:

Hand Weapons
 i - the +10 quarterstaff "Nioqym" {flame, -Tele rF++ rC+++}
   (You found it on level 8 of the Dungeon)

   It has been specially enchanted to burn those struck by it, causing extra
   injury to most foes and up to half again as much damage against particularly
   susceptible opponents.
   It greatly protects you from fire.
   It renders you almost immune to cold.
   It prevents most forms of teleportation.
 t - a +0 battleaxe (weapon)
Missiles
 d - 3 throwing nets (quivered)
Armour
 w - a +0 pearl dragon armour (worn)
 A - a +0 pair of gloves (worn)
Jewellery
 h - the amulet of Vitality (around neck) {Regen+ HP+15}
   (You found it on level 6 of the Dungeon)

   [amulet of regeneration]

   It affects your health (+15).
   It increases your rate of regeneration.
 l - a ring of protection from magic (left hand)
 z - a ring of invisibility (right hand)
Wands
 n - a wand of heal wounds (7)
 p - a wand of lightning (6)
 u - a wand of random effects (18)
 v - a wand of magic darts (19)
 D - a wand of slowing (25)
Scrolls
 b - 5 scrolls of identify
 c - 4 scrolls of remove curse
 k - 3 scrolls of magic mapping
 o - a scroll of recharging {unknown}
 q - 2 scrolls of noise {unknown}
 r - a scroll of immolation
 y - 2 scrolls of teleportation {unknown}
 C - a scroll of torment {unknown}
 I - a scroll of fear {unknown}
Potions
 f - 2 potions of flight
 s - a potion of agility
 B - a potion of berserk rage {unknown}
 F - a potion of brilliance {unknown}
Books
 E - Kikubaaqudgha's Disquisition on Black Secrets
   (Kikubaaqudgha gifted it to you on level 8 of the Dungeon)

   Spells                             Type                      Level
   a - Animate Dead                   Necromancy                   4
   b - Excruciating Wounds            Charms/Necromancy            5
   c - Bolt of Draining               Conjuration/Necromancy       5
   d - Dispel Undead                  Necromancy                   5
   e - Death Channel                  Necromancy                   6
Comestibles
 e - 6 bread rations
 m - a beef jerky
 x - 2 meat rations
 G - a chunk of flesh
 H - a slice of pizza
 J - a royal jelly


   Skills:
 + Level 6.2 Fighting
 * Level 12.0 Axes
 - Level 1.7 Throwing
 + Level 4.8 Armour
 + Level 5.9 Dodging
 + Level 4.2 Necromancy


You had one spell level left.
You knew the following spells:

 Your Spells              Type           Power        Failure   Level  Hunger
a - Apportation           Tloc           #.........   96%         1    ##.....
b - Animate Skeleton      Necr           N/A          28%         1    ##.....
c - Death Channel         Necr           #.........   100%        6    #######


Dungeon Overview and Level Annotations

Branches:
Dungeon (10/15)            Temple (0/1) D:5            Lair (0/8) D:8
    Orc (0/4) D:10

Altars:
Cheibriados
Dithmenos
Kikubaaqudgha
Okawaru
Qazlal
Ru
Sif Muna
Xom
Yredelemnul

Shops:
D:4 (   D:8 (

Annotations:
D:10 Gastronok


Innate Abilities, Weirdness & Mutations

You have a pair of small antennae on your head.
You are mostly covered in thin metallic scales (AC +3).
A weak demonic guardian rushes to your aid.
Your flesh is heat resistant.


Message History

MASSIVE DAMAGE!!
Drink which item? (? for menu, Esc to quit)
You feel better.
You are engulfed in roaring flames.
You resist.
* * * LOW HITPOINT WARNING * * *
The killer bee is engulfed in roaring flames.
The killer bee barely misses you.
The crocodile is engulfed in roaring flames.
The killer bee is engulfed in roaring flames.
The killer bee stings you but does no damage.
The fire dragon is engulfed in roaring flames.
The fire dragon breathes flames at you. The blast of flame hits you!
You resist.
* * * LOW HITPOINT WARNING * * *
3 killer bees come into view.
You take 5 damage, and have 1/91 hp.
Drink which item? (? for menu, Esc to quit)
You feel protected.
You are engulfed in roaring flames.
You resist.
You die...
Kikubaaqudgha rasps: "You have failed me!
Welcome... death!"

***######....w...(..# *,,
*...............(...###..
*........................
*........................
*.......5.r.r.....####.#*
*..?......§§§.....#{,,,,,
***#...###§§Z..#..#{,,,,,
#...5§D§§§H....#,,,,,,
#...§@§§t§T#......H8,,
#%..§yy§§§.#...#T...,,
****#...%y.§§§.#...#.....,
*,.............#...#,....,
*,###.......y......#**#.#*
*,,.%.....y.....##..,,,..,
*,...y.####y....#*###*****
*,...##**,*y#...#
*,,,,*,*,*,**,,,*


You could see a fire dragon (inner flame), a manticore, a troll (inner flame), a
crocodile (inner flame), 8 killer bees, a river rat, a centaur skeleton (inner
flame) and a friendly iron imp.

Vanquished Creatures
  Erolcha (D:8)
  An ogre mage (D:10)
  A centaur zombie (D:7)
  2 spiny frogs (D:8)
  A troll (D:10)
  A two-headed ogre (D:9)
  A deep elf mage (D:9)
  Grum (D:8)
  4 wolves (D:8)
  A hungry ghost (D:8)
  3 orc warriors
  A porcupine (D:8)
  A phantom (D:8)
  6 centaurs
  2 sky beasts
  4 ogres
  4 giant frogs
  3 scorpions
  4 killer bees (D:10)
  3 giant frog zombies
  2 crimson imps
  An iguana (D:6)
  3 orc priests
  3 jellies
  A giant frog skeleton (D:9)
  2 hounds (D:4)
  10 orc wizards
  A centaur skeleton (D:4)
  9 worker ants
  3 gnolls (D:2)
  A river rat (D:8)
  9 adders
  2 shadow imps
  3 oozes
  3 adder skeletons
  3 adder zombies
  A worm (D:2)
  6 giant geckos
  41 orcs
  5 bats
  2 giant cockroaches
  4 goblins
  6 hobgoblins
  4 jackals (D:7)
  3 quokkas
  A ball python (D:1)
  3 giant newts
  6 kobolds
  5 rats
188 creatures vanquished.

Vanquished Creatures (collateral kills)
  Sigmund (D:6)
  A deep elf mage (D:9)
  A deep elf fighter (D:9)
  An orc warrior (D:9)
  A black bear (D:6)
  An ogre (D:7)
  An orc priest (D:6)
  A hound (D:9)
  An adder (D:5)
  A giant gecko (D:5)
  An orc (D:6)
  A kobold (D:2)
12 creatures vanquished.

Vanquished Creatures (others)
  A giant frog (D:8)
  A hound (D:8)
  A giant gecko skeleton (D:8)
3 creatures vanquished.

Grand Total: 203 creatures vanquished

Notes
Turn   | Place    | Note
--------------------------------------------------------------
     0 | D:1      | Goblin1989 the Demonspawn Gladiator began the quest for the Orb.
     0 | D:1      | Reached XP level 1. HP: 16/16 MP: 1/1
   184 | D:1      | Reached skill level 3 in Axes
   196 | D:1      | Gained mutation: A weak demonic guardian rushes to your aid. [demonic ancestry]
   196 | D:1      | Reached XP level 2. HP: 17/22 MP: 2/2
  1013 | D:2      | Reached XP level 3. HP: 27/27 MP: 3/3
  1024 | D:2      | Found a shadowy altar of Dithmenos.
  1086 | D:2      | Reached skill level 4 in Axes
  1390 | D:2      | Reached XP level 4. HP: 30/33 MP: 4/4
  1704 | D:3      | Found a basalt altar of Yredelemnul.
  1835 | D:3      | Found a faded altar to an unknown god.
  1842 | D:3      | Became a worshipper of Kikubaaqudgha
  1842 | D:3      | Reached * piety under Kikubaaqudgha
  1842 | D:3      | Received a gift from Kikubaaqudgha
  1842 | D:3      | Identified Kikubaaqudgha's Catalogue of Necromancy (Kikubaaqudgha gifted it to you on level 3 of the Dungeon)
  1962 | D:3      | Reached skill level 5 in Axes
  2089 | D:3      | You fall through a shaft for 3 floors!
  2093 | D:5      | Entered Level 5 of the Dungeon
  2102 | D:5      | Gained mutation: You have a pair of small antennae on your head. [demonic ancestry]
  2102 | D:5      | Reached XP level 5. HP: 21/38 MP: 5/5
  2403 | D:3      | Reached ** piety under Kikubaaqudgha
  2645 | D:3      | Reached skill level 6 in Axes
  2646 | D:3      | Found an ancient bone altar of Kikubaaqudgha.
  2795 | D:4      | Found Lenusch's Antique Weapon Boutique.
  2905 | D:4      | Gained mutation: You are partially covered in thin metallic scales (AC +2). [demonic ancestry]
  2905 | D:4      | Reached XP level 6. HP: 19/44 MP: 6/6
  3064 | D:4      | Found a deep blue altar of Sif Muna.
  3450 | D:5      | Found a snail-covered altar of Cheibriados.
  3565 | D:5      | Reached skill level 7 in Axes
  3884 | D:5      | You fall through a shaft for 2 floors!
  3900 | D:7      | Gained mutation: Your flesh is heat resistant. [demonic ancestry]
  3900 | D:7      | Reached XP level 7. HP: 50/50 MP: 7/7
  4285 | D:7      | Reached skill level 8 in Axes
  4306 | D:6      | Noticed a giant frog
  4306 | D:6      | Noticed an orc warrior
  4307 | D:6      | Noticed Sigmund
  4318 | D:5      | Killed a giant frog
  4349 | D:5      | Found a staircase to the Ecumenical Temple.
  4427 | D:5      | Noticed an ogre
  4435 | D:5      | Killed an ogre
  4572 | D:6      | Killed an orc warrior
  4597 | D:6      | Killed Sigmund
  4597 | D:6      | Reached skill level 9 in Axes
  4597 | D:6      | Gained mutation: You are mostly covered in thin metallic scales (AC +3). [demonic ancestry]
  4597 | D:6      | Reached XP level 8. HP: 32/56 MP: 8/8
  4673 | D:6      | Learned a level 1 spell: Apportation
  4675 | D:6      | Learned a level 1 spell: Animate Skeleton
  4768 | D:6      | Identified a scroll of acquirement
  4802 | D:6      | Found a snail-covered altar of Cheibriados.
  4821 | D:6      | Noticed a black bear
  4829 | D:6      | Killed a black bear
  4849 | D:6      | Found a stormy altar of Qazlal.
  5076 | D:5      | Reached skill level 10 in Axes
  5327 | D:7      | Noticed a centaur zombie
  5338 | D:7      | Killed a centaur zombie
  5338 | D:7      | Reached skill level 1 in Armour
  5419 | D:7      | Reached XP level 9. HP: 63/63 MP: 9/9
  5649 | D:4      | Bought a faintly glowing battleaxe for 333 gold pieces
  5655 | D:4      | Identified the +4 battleaxe of Sloth {vamp, *Rage rElec rPois} (You bought it in a shop on level 4 of the Dungeon)
  5673 | D:4      | You fall through a shaft for 2 floors!
  6004 | D:8      | Found an iron altar of Okawaru.
  6008 | D:8      | Noticed Erolcha
  6024 | D:8      | Killed Erolcha
  6027 | D:8      | Reached skill level 11 in Axes
  6038 | D:8      | Got an ancient quarterstaff
  6039 | D:8      | Identified the +10 quarterstaff "Nioqym" {flame, -Tele rF++ rC+++} (You found it on level 8 of the Dungeon)
  6055 | D:8      | Found Lurghuax's Antique Weapon Boutique.
  6135 | D:8      | Reached *** piety under Kikubaaqudgha
  6135 | D:8      | Received a gift from Kikubaaqudgha
  6148 | D:8      | Identified Kikubaaqudgha's Disquisition on Black Secrets (Kikubaaqudgha gifted it to you on level 8 of the Dungeon)
  6169 | D:8      | Learned a level 6 spell: Death Channel
  6246 | D:8      | Noticed a spiny frog
  6248 | D:8      | Noticed a spiny frog
  6255 | D:8      | Killed a spiny frog
  6255 | D:8      | Reached skill level 1 in Necromancy
  6259 | D:8      | Killed a spiny frog
  6264 | D:8      | Reached XP level 10. HP: 73/73 MP: 10/10
  6267 | D:8      | Reached skill level 5 in Dodging
  6275 | D:8      | Reached skill level 5 in Fighting
  6324 | D:8      | Found a staircase to the Lair.
  6397 | D:8      | Noticed Grum
  6408 | D:8      | Killed Grum
  6458 | D:8      | Found a shimmering altar of Xom.
  6923 | D:9      | Found a sacrificial altar of Ru.
  6967 | D:9      | Reached **** piety under Kikubaaqudgha
  7430 | D:10     | Entered Level 10 of the Dungeon
  7430 | D:10     | Noticed Gastronok
  7435 | D:10     | Noticed an ogre mage
  7435 | D:10     | Noticed a fire dragon
  7438 | D:10     | Noticed a manticore
  7446 | D:10     | Killed an ogre mage
  7446 | D:10     | Reached skill level 12 in Axes
  7447 | D:10     | HP: 1/91 [fire dragon/blast of flame (9)]
  7448 | D:10     | Engulfed by a cloud of flame

Action                   |  1- 3 |  4- 6 |  7- 9 | 10-12 || total
-------------------------+-------+-------+-------+-------++-------
Melee: War axe           |   103 |   177 |   129 |       ||   409
       Battleaxe         |       |       |    79 |   163 ||   242
  Use: Potion            |       |     5 |     5 |     3 ||    13
       Scroll            |       |       |     7 |     3 ||    10
 Stab: Distracted        |       |       |     2 |     2 ||     4
  Eat: Chunk             |     1 |     6 |     9 |     7 ||    23
       Royal jelly       |       |     1 |       |       ||     1
       Fruit             |       |       |     6 |       ||     6
